 Dungeon Crawl Stone Soup version 0.20-a0-733-gf92fd71 (webtiles) character file.

786 HarryHood the Skirmisher (level 7, -6/66 HPs)
             Began as a Minotaur Berserker on Feb 23, 2017.
             Was a Priest of Trog.
             Mangled by a gnoll sergeant
             ... wielding a +4 trident of distortion
              (8 damage)
             ... on level 4 of the Dungeon.
             The game lasted 00:12:08 (3742 turns).

HarryHood the Skirmisher (Minotaur Berserker)       Turns: 3742, Time: 00:12:09

Health: -6/66      AC: 11    Str: 22    XL:     7   Next: 56%
Magic:  6/6        EV:  9    Int:  4    God:    Trog [***...]
Gold:   111        SH:  0    Dex: 11    Spells: 6/6 levels left

rFire    . . .     SeeInvis .   a - +0 flail
rCold    . . .     Gourm    .   r - +0 chain mail
rNeg     . . .     Faith    .   (no shield)
rPois    .         Spirit   .   (helmet restricted)
rElec    .         Reflect  .   (no cloak)
rCorr    .         Harm     .   t - +0 pair of gloves
MR       .....                  (no boots)
Stlth    ..........             (no amulet)
Regen    0.3/turn               (no ring)
MPRegen  0.1/turn               (no ring)

@: no status effects
A: retaliatory headbutt, horns 2
a: Berserk, Trog's Hand, Burn Spellbooks, Renounce Religion


You were on level 4 of the Dungeon.
You worshipped Trog.
Trog was most pleased with you.
You were not hungry.

You visited 2 branches of the dungeon, and saw 5 of its levels.

You collected 111 gold pieces.

Inventory:

Hand Weapons
 a - a +0 flail (weapon)
 b - a +0 hunting sling of flaming
 p - a +1 mace
Armour
 r - a +0 chain mail (worn)
 t - a +0 pair of gloves (worn)
Scrolls
 m - a scroll of remove curse {unknown}
 n - 2 scrolls of identify {unknown}
 s - 2 scrolls of teleportation {@r0}
Potions
 d - 3 potions of curing {unknown}
 e - a potion of degeneration {unknown}
 g - a potion of flight {unknown}
 j - 2 potions of heal wounds {unknown}
 k - a potion of ambrosia {unknown}
 l - 2 potions of mutation {unknown}
 o - 2 potions of haste
Comestibles
 c - 2 bread rations {@e1}
 f - 3 chunks of flesh
 h - 4 fruits {@e2}
 i - a meat ration {@e1}
 q - 3 royal jellies {@e3}


   Skills:
 - Level 7.1 Fighting
 - Level 6.1 Maces & Flails
 - Level 6.4 Armour
 * Level 2.8 Dodging


You had 6 spell levels left.
You didn't know any spells.

Dungeon Overview and Level Annotations

Branches:
Dungeon (4/15)             Temple (1/1) D:4

Altars:
Cheibriados
Okawaru
Trog
Uskayaw
Vehumet
Zin


Innate Abilities, Weirdness & Mutations

You reflexively headbutt those who attack you in melee.
You have a pair of horns on your head.


Message History

You headbutt the gnoll sergeant.
The gnoll sergeant is lightly wounded.
The gnoll sergeant hits you with a trident of distortion!
Space warps horribly around you!
You hit the gnoll sergeant.
The gnoll sergeant is lightly wounded.
The gnoll sergeant hits you but does no damage.
You blink.
The gnoll sergeant hits you with a trident of distortion!
* * * LOW HITPOINT WARNING * * *
You feel strangely unstable.
You hit the gnoll sergeant but do no damage.
The gnoll sergeant is lightly wounded.
The gnoll sergeant hits you with a trident of distortion!
* * * LOW HITPOINT WARNING * * *
You feel strangely stable.
You closely miss the gnoll sergeant.
The gnoll sergeant is lightly wounded.
The gnoll sergeant hits you with a trident of distortion!
You die... #.............# .........####.# ############# ..###.#..# #.####.........g.# ..###.#..####.##.#.#####.###g#### ..##..........#....### #≈≈≈≈.≈≈≈≈ ..##...#####....÷....# #≈##≈.≈##≈ ..##...# #..#....#.# #≈###g## ..##...# #.......#.# #≈≈ ggg

.......# #.###@###.# #≈≈#.g.#
##.#.#.# #. #g....# #≈≈#.(.#
#.#.#.... .. ##'##### #≈######
#...###.######...## #≈##≈≈≈#
#.#.###.# ##.....## ≈≈≈≈≈≈
##..##.#.# ##.......## ##..#
.........###...).....####...#####
##.........+.........'...........
###.....####.........####...#####


You could see a gnoll sergeant.

Vanquished Creatures
  Eustachio (D:4)
  Purgy (D:3)
  An ogre (D:4)
  A howler monkey (D:4)
  2 crimson imps
  2 orc priests (D:3)
  A gnoll shaman (D:4)
  3 worker ants
  8 gnolls (D:4)
  3 adders
  3 worms
  2 dart slugs
  3 leopard geckos
  10 orcs
  6 bats
  3 giant cockroaches
  5 goblins
  5 hobgoblins
  8 jackals (D:1)
  A ball python (D:1)
  3 frilled lizards
  8 kobolds
  11 rats
91 creatures vanquished.

Notes
Turn   | Place    | Note
-------+----------+-------------------------------------------
     0 | D:1      | HarryHood the Minotaur Berserker began the quest for the Orb.
     0 | D:1      | Reached XP level 1. HP: 19/19 MP: 0/0
    89 | D:1      | Reached skill level 4 in Fighting
   260 | D:1      | Reached XP level 2. HP: 27/27 MP: 1/1
   474 | D:1      | Reached skill level 5 in Fighting
   776 | D:2      | Reached XP level 3. HP: 33/36 MP: 2/2
   877 | D:2      | Found a hide-covered altar of Uskayaw.
  1150 | D:2      | Found a radiant altar of Vehumet.
  1319 | D:2      | Reached ** piety under Trog
  1697 | D:3      | Found an iron altar of Okawaru.
  1774 | D:3      | Noticed Purgy
  1786 | D:3      | Killed Purgy
  1786 | D:3      | Reached skill level 7 in Fighting
  1786 | D:3      | Reached XP level 4. HP: 26/47 MP: 3/3
  1786 | D:3      | Reached XP level 5. HP: 29/52 MP: 4/4
  2069 | D:3      | Reached skill level 4 in Maces & Flails
  2074 | D:3      | Reached skill level 5 in Maces & Flails
  2328 | D:3      | Reached XP level 6. HP: 57/60 MP: 5/5
  2701 | D:4      | Found a glowing silver altar of Zin.
  2736 | D:4      | Reached skill level 6 in Maces & Flails
  2759 | D:4      | Found a staircase to the Ecumenical Temple.
  2766 | Temple   | Entered the Ecumenical Temple
  2772 | D:4      | Noticed Eustachio
  2783 | D:4      | Killed Eustachio
  2783 | D:4      | Reached skill level 4 in Armour
  2908 | D:4      | Reached XP level 7. HP: 66/66 MP: 6/6
  2936 | D:4      | Found a snail-covered altar of Cheibriados.
  2946 | D:4      | Noticed a moth of wrath
  2949 | D:4      | Found a bloodstained altar of Trog.
  3018 | D:4      | Reached skill level 5 in Armour
  3394 | D:4      | Reached skill level 6 in Armour
  3628 | D:4      | Reached *** piety under Trog
  3741 | D:4      | HP: 1/66 [gnoll sergeant/trident of distortion (8)]
  3742 | D:4      | Mangled by a gnoll sergeant

Vault maps used:
D:1:      mushboom_english_gardens
D:2:      lemuel_doored_altar, vehumet_crystals, kennysheep_pointless_box,
          minivault_14, kennysheep_cross_bottleneck, dk_noncrumbling_4
D:3:      okawaru_gym_becter, uniq_purgy
D:4:      zin_statuary, tgw_trog, cheibriados_altar_1,
          minmay_temple_entry_overgrown, lightli_minifort, uniq_eustachio
Temple:   nicolae_temple_figure_zero

Skill      XL: |  1  2  3  4  5  6  7 |
---------------+----------------------+-----
Fighting       | 4 5 7 |  7.1
Maces & Flails | 5 6 |  6.1
Armour         | 4 6 |  6.4
Dodging        | |  2.8

Action                   |  1- 3 |  4- 6 |  7- 9 || total
-------------------------+-------+-------+-------++-------
Melee: Mace              |    84 |    87 |    38 ||   209
       Headbutt          |    14 |    19 |    21 ||    54
       Flail             |       |       |    24 ||    24
  Use: Scroll            |     3 |     2 |       ||     5
 Stab: Sleeping          |     2 |       |       ||     2
  Eat: Chunk             |     3 |     3 |     3 ||     9
Armor: Animal skin       |     7 |       |       ||     7
       Chain mail        |    20 |    41 |    28 ||    89
Dodge: Dodged            |    48 |    34 |    27 ||   109
